MLB
CHICAGO WHITE SOX @ MONTREAL EXPOS
08/10/2039
 
TOP OF THE 1ST
Chicago White Sox batting - Pitching for Montreal Expos : RHP Brad Loggans
Pitching: RHP Brad Loggans
Batting: RHB Jose Emanis 0-0: Called Strike
0-1: Ground out 6-3 (Groundball, 6, EV 83.1 MPH)
Batting: LHB Sean Hanrahan 0-0: Called Strike
0-1: Ground out 4-3 (Groundball, 4, EV 103.1 MPH)
Batting: LHB Andy Barnhill 0-0: Called Strike
0-1: Swinging Strike
0-2: Ball
1-2: Strikes out swinging
Top of the 1st over - 0 runs, 0 hits, 0 errors, 0 left on base; Chicago 0 - Montreal 0
BOTTOM OF THE 1ST
Montreal Expos batting - Pitching for Chicago White Sox : RHP Andy Bruce
Pitching: RHP Andy Bruce
Batting: SHB Matt Rose 0-0: Foul Ball, location: 2F
0-1: Swinging Strike
0-2: Ball
1-2: Fly out, F9 (Flyball, 9LMF, EV 93.8 MPH)
Batting: RHB Jonathan Barber 0-0: Ball
1-0: Ball
2-0: Ball
3-0: Base on Balls
Batting: RHB Jim Mastrangelo 0-0: Ball
1-0: Foul Ball, location: 2F
1-1: Ball
2-1: Foul Ball, location: 3FF
2-2: Ball
3-2: DOUBLE (Flyball, 89D, EV 90.0 MPH)
Jonathan Barber to third
Jonathan Barber scores
Batting: LHB Nate Petite 0-0: Ball
1-0: Called Strike
1-1: Ground out 1-3 (Groundball, 13S, EV 66.9 MPH)
Batting: RHB Steve Dowdle 0-0: Ground out 6-3 (Groundball, 6, EV 78.8 MPH)
Bottom of the 1st over - 1 run, 1 hit, 0 errors, 1 left on base; Chicago 0 - Montreal 1
TOP OF THE 2ND
Chicago White Sox batting - Pitching for Montreal Expos : RHP Brad Loggans
Batting: RHB Alex Arias 0-0: Called Strike
0-1: Ball
1-1: Ball
2-1: Called Strike
2-2: Foul Ball, location: 2F
2-2: Foul Ball, location: 2F
2-2: Strikes out looking
Batting: SHB Victor Gonzales 0-0: Ball
1-0: Ball
2-0: Ball
3-0: Called Strike
3-1: SINGLE (Flyball, 56D, EV 90.0 MPH)
Batting: LHB Robert Hassell III 0-0: Swinging Strike
0-1: Ball
1-1: Hit by Pitch
Victor Gonzales to second
Batting: LHB Juan Ybarra 0-0: Fly out, F8 (Flyball, 8LM, EV 90.6 MPH)
Batting: RHB Mike Samaniego 0-0: Ball
1-0: Ball
2-0: Foul Ball, location: 2F
2-1: Foul Ball, location: 2LF
2-2: Ball
3-2: SINGLE (Line Drive, 56, EV 95.0 MPH)
Victor Gonzales to third
Robert Hassell III to second
Victor Gonzales scores
Robert Hassell III to third
Batting: RHB Jake O'Connell 0-0: Ball
1-0: Ground out 5-3 (Groundball, 56S, EV 70.6 MPH)
Top of the 2nd over - 1 run, 2 hits, 0 errors, 2 left on base; Chicago 1 - Montreal 1
BOTTOM OF THE 2ND
Montreal Expos batting - Pitching for Chicago White Sox : RHP Andy Bruce
Batting: RHB Ben Morris 0-0: Foul Ball, location: 2F
0-1: Ball
1-1: Foul Ball, location: 2F
1-2: Strikes out swinging
Batting: RHB Andres del Valle 0-0: Ball
1-0: Swinging Strike
1-1: Ball
2-1: Called Strike
2-2: Strikes out looking
Batting: RHB Frank Vergara 0-0: Called Strike
0-1: Swinging Strike
0-2: Foul Ball, location: 2F
0-2: Ball
1-2: Ground out 3-1 (Groundball, 34S, EV 79.4 MPH)
Bottom of the 2nd over - 0 runs, 0 hits, 0 errors, 0 left on base; Chicago 1 - Montreal 1
TOP OF THE 3RD
Chicago White Sox batting - Pitching for Montreal Expos : RHP Brad Loggans
Batting: RHB Jose Emanis 0-0: Ball
1-0: Foul Ball, location: 3SF
1-1: Foul Ball, location: 5F
1-2: Strikes out swinging
Batting: LHB Sean Hanrahan 0-0: Foul Ball, location: 7LSF
0-1: Called Strike
0-2: Ball
1-2: Foul Ball, location: 3SF
1-2: DOUBLE (Flyball, 8LXD, EV 98.8 MPH)
Batting: LHB Andy Barnhill 0-0: Ball
1-0: Fly out, F7 (Flyball, 7, EV 86.9 MPH)
Batting: RHB Alex Arias 0-0: Called Strike
0-1: Foul Ball, location: 2F
0-2: Ball
1-2: Strikes out swinging
Top of the 3rd over - 0 runs, 1 hit, 0 errors, 1 left on base; Chicago 1 - Montreal 1
BOTTOM OF THE 3RD
Montreal Expos batting - Pitching for Chicago White Sox : RHP Andy Bruce
Batting: RHB Clint Caldwell 0-0: Foul Ball, location: 23F
0-1: Ball
1-1: Called Strike
1-2: Strikes out swinging
Batting: SHB Matt Rose 0-0: Ball
1-0: Ground out U3 (Groundball, 3, EV 84.4 MPH)
Batting: RHB Jonathan Barber 0-0: Hit by Pitch
Batting: RHB Jim Mastrangelo 0-0: Ball
1-0: Swinging Strike
1-1: Ball
2-1: Called Strike
Jonathan Barber steals 2nd base
2-2: SINGLE (Groundball, 4MD, EV 110.0 MPH)
Jonathan Barber to third
Runner from 3rd tries for Home, SAFE, throw by CF to home
Batting: LHB Nate Petite 0-0: Swinging Strike
0-1: Ground out U3 (Groundball, 34, EV 87.5 MPH)
Bottom of the 3rd over - 1 run, 1 hit, 0 errors, 1 left on base; Chicago 1 - Montreal 2
TOP OF THE 4TH
Chicago White Sox batting - Pitching for Montreal Expos : RHP Brad Loggans
Batting: SHB Victor Gonzales 0-0: Ball
1-0: Called Strike
1-1: Ball
2-1: Ball
3-1: Called Strike
3-2: Strikes out swinging
Batting: LHB Robert Hassell III 0-0: Called Strike
0-1: Ball
1-1: Ball
2-1: Ball
3-1: Called Strike
3-2: Base on Balls
Batting: LHB Juan Ybarra 0-0: Ball
Robert Hassell III steals 2nd base
1-0: Called Strike
1-1: Ground out 4-3 (Groundball, 4, EV 85.6 MPH)
Robert Hassell III to third
Batting: RHB Mike Samaniego 0-0: Ground out 4-3 (Groundball, 4M, EV 90.0 MPH)
Top of the 4th over - 0 runs, 0 hits, 0 errors, 1 left on base; Chicago 1 - Montreal 2
BOTTOM OF THE 4TH
Montreal Expos batting - Pitching for Chicago White Sox : RHP Andy Bruce
Batting: RHB Steve Dowdle 0-0: DOUBLE (Flyball, 8LXD, EV 95.6 MPH)
Batting: RHB Ben Morris 0-0: Fly out, F8 (Flyball, 8LD, EV 90.6 MPH)
Batting: RHB Andres del Valle 0-0: Ball
1-0: Foul Ball, location: 2LF
1-1: Called Strike
1-2: Foul Ball, location: 5FF
1-2: SINGLE (Groundball, 34D, EV 98.8 MPH)
Steve Dowdle to third
Batting: RHB Frank Vergara 0-0: Called Strike
0-1: Ball
1-1: Ball
2-1: Ball
3-1: DOUBLE (Flyball, 89XD, EV 105.0 MPH)
Steve Dowdle scores
Andres del Valle to third
Runner from 3rd tries for Home, SAFE, no throw by RF
Batting: RHB Clint Caldwell 0-0: Called Strike
0-1: Foul Ball, location: 5F
0-2: Ground out 5-3 (Groundball, 56, EV 83.8 MPH)
Batting: SHB Matt Rose 0-0: DOUBLE (Flyball, 8LXD, EV 97.5 MPH)
Frank Vergara scores
Pitching: RHP Josh Baxter
Batting: RHB Jonathan Barber 0-0: Ball
1-0: Ball
2-0: Ball
3-0: Called Strike
3-1: Foul Ball, location: 9LSF
3-2: Strikes out looking
Bottom of the 4th over - 3 runs, 4 hits, 0 errors, 1 left on base; Chicago 1 - Montreal 5
TOP OF THE 5TH
Chicago White Sox batting - Pitching for Montreal Expos : RHP Brad Loggans
Batting: RHB Jake O'Connell 0-0: Ball
1-0: Foul Ball, location: 7LMF
1-1: Called Strike
1-2: Strikes out swinging
Batting: RHB Jose Emanis 0-0: Called Strike
0-1: Ball
1-1: Ball
2-1: SINGLE (Line Drive, 78M, EV 90.6 MPH)
Batting: LHB Sean Hanrahan 0-0: Ball
1-0: Ball
2-0: Called Strike
2-1: Foul Ball, location: 2F
2-2: SINGLE (Groundball, 34D, EV 100.0 MPH)
Jose Emanis to second
Runner from 2nd tries for 3rd, SAFE, no throw by RF
Batting: LHB Andy Barnhill 0-0: Foul Ball, location: 7LDF
0-1: Swinging Strike
0-2: Foul Ball, location: 3FF
0-2: Ball
1-2: Ball
2-2: Strikes out swinging
Batting: RHB Alex Arias 0-0: Called Strike
0-1: Called Strike
0-2: Ball
1-2: Foul Ball, location: 5FF
1-2: Ball
2-2: Fly out, F9 (Flyball, 9, EV 82.5 MPH)
Top of the 5th over - 0 runs, 2 hits, 0 errors, 2 left on base; Chicago 1 - Montreal 5
BOTTOM OF THE 5TH
Montreal Expos batting - Pitching for Chicago White Sox : RHP Josh Baxter
Batting: RHB Jim Mastrangelo 0-0: Foul Ball, location: 2F
0-1: Foul Ball, location: 2F
0-2: Ball
1-2: Ball
2-2: Foul Ball, location: 2LF
2-2: Foul Ball, location: 5F
2-2: SINGLE (Line Drive, 89M, EV 86.3 MPH)
Batting: LHB Nate Petite 0-0: Swinging Strike
0-1: Swinging Strike
0-2: Strikes out looking
Batting: RHB Steve Dowdle 0-0: Ball
1-0: Ball
2-0: Ball
3-0: Base on Balls
Jim Mastrangelo to second
Batting: RHB Ben Morris 0-0: Ball
1-0: Swinging Strike
1-1: Foul Ball, location: 9LMF
1-2: Ball
2-2: Foul Ball, location: 9LMF
2-2: Fly out, F8 (Flyball, 8RD, EV 93.8 MPH)
Batting: RHB Andres del Valle 0-0: SINGLE (Groundball, 6MD, EV 103.1 MPH)
Jim Mastrangelo to third
Steve Dowdle to second
Runner from 3rd tries for Home, throw by CF and OUT! 8-2
Bottom of the 5th over - 0 runs, 2 hits, 0 errors, 2 left on base; Chicago 1 - Montreal 5
TOP OF THE 6TH
Chicago White Sox batting - Pitching for Montreal Expos : RHP Brad Loggans
Pitching: LHP Mike Johnson
Batting: SHB Victor Gonzales 0-0: Ball
1-0: Foul Ball, location: 3F
1-1: Ball
2-1: Ball
3-1: Fly out, F8 (Flyball, 8LXD, EV 106.9 MPH)
Batting: LHB Robert Hassell III 0-0: Ball
1-0: Called Strike
1-1: Foul Ball, location: 5DF
1-2: Ball
2-2: SINGLE (Line Drive, 7S, EV 105.6 MPH)
Batting: LHB Juan Ybarra 0-0: Ball
1-0: Ball
2-0: Called Strike
2-1: SINGLE (Groundball, 6MD, EV 95.6 MPH)
Robert Hassell III to second
Runner from 2nd tries for 3rd, SAFE, no throw by CF
Batting: RHB Mike Samaniego 0-0: Foul Ball, location: 9LMF
0-1: Foul Ball, location: 7LSF
0-2: Ball
1-2: Ball
2-2: Strikes out swinging
Batting: RHB Jake O'Connell 0-0: Ball
1-0: Foul Ball, location: 2F
1-1: SINGLE (Groundball, 4M, EV 89.4 MPH) (infield hit)
Robert Hassell III scores
Juan Ybarra to second
Batting: RHB Jose Emanis 0-0: Swinging Strike
0-1: Ball
1-1: Called Strike
1-2: Strikes out swinging
Top of the 6th over - 1 run, 3 hits, 0 errors, 2 left on base; Chicago 2 - Montreal 5
BOTTOM OF THE 6TH
Montreal Expos batting - Pitching for Chicago White Sox : RHP Josh Baxter
Batting: RHB Frank Vergara 0-0: Foul Ball, location: 25F
0-1: Called Strike
0-2: Ball
1-2: Fly out, F8 (Flyball, 8LD, EV 98.8 MPH)
Batting: RHB Clint Caldwell 0-0: Ball
1-0: Ball
2-0: Fly out, F9 (Flyball, 89D, EV 103.8 MPH)
Batting: SHB Matt Rose 0-0: TRIPLE (Line Drive, 78XD, EV 105.0 MPH)
Batting: RHB Jonathan Barber 0-0: Ball
1-0: Ball
2-0: Called Strike
2-1: Ball
3-1: Foul Ball, location: 2F
3-2: Foul Ball, location: 23F
3-2: Foul Ball, location: 7LSF
3-2: Hit by Pitch
Batting: RHB Jim Mastrangelo 0-0: Foul Ball, location: 7LMF
0-1: Foul Ball, location: 9LMF
0-2: Ball
1-2: Foul Ball, location: 5FF
1-2: Fly out, F7 (Line Drive, 7, EV 97.5 MPH)
Bottom of the 6th over - 0 runs, 1 hit, 0 errors, 2 left on base; Chicago 2 - Montreal 5
TOP OF THE 7TH
Chicago White Sox batting - Pitching for Montreal Expos : LHP Mike Johnson
Pitching: RHP Chad Coon
Batting: LHB Sean Hanrahan 0-0: Called Strike
0-1: Called Strike
0-2: Ball
1-2: Ball
2-2: Foul Ball, location: 9LSF
2-2: Ball
3-2: Base on Balls
Batting: LHB Andy Barnhill 0-0: Ball
1-0: Swinging Strike
1-1: Fly out, F8 (Flyball, 8LXD, EV 95.6 MPH)
Batting: RHB Alex Arias 0-0: Called Strike
0-1: Ball
1-1: Swinging Strike
1-2: Ball
2-2: Ball
3-2: Strikes out swinging
Batting: SHB Victor Gonzales 0-0: Ball
1-0: Foul Ball, location: 23F
1-1: Called Strike
1-2: Strikes out swinging
Top of the 7th over - 0 runs, 0 hits, 0 errors, 1 left on base; Chicago 2 - Montreal 5
BOTTOM OF THE 7TH
Montreal Expos batting - Pitching for Chicago White Sox : RHP Josh Baxter
Pitching: RHP Gabriel Hughes
Batting: LHB Nate Petite 0-0: Ball
1-0: Called Strike
1-1: Swinging Strike
1-2: SINGLE (Groundball, 4MS, EV 70.0 MPH) (infield hit)
Batting: RHB Steve Dowdle 0-0: Ball
1-0: Called Strike
1-1: SINGLE (Groundball, 56D, EV 108.1 MPH)
Nate Petite to second
Batting: RHB Ben Morris 0-0: Called Strike
0-1: Foul Ball, location: 9LDF
0-2: Foul Ball, location: 25F
0-2: Ball
1-2: Foul Ball, location: 5F
1-2: Ball
2-2: Ground out U3 (Groundball, 34S, EV 74.4 MPH)
Nate Petite to third
Steve Dowdle to second
Batting: RHB Andres del Valle 0-0: Ball
Wild Pitch!
Nate Petite scores
Steve Dowdle to third
1-0: Ball
2-0: Ball
3-0: Called Strike
3-1: Base on Balls
Batting: RHB Frank Vergara 0-0: Ball
1-0: 3-RUN HOME RUN (Flyball, 89XD, EV 105.6 MPH), Distance : 399 ft
Pitching: LHP Jeff Lathan
Batting: RHB Clint Caldwell 0-0: Called Strike
0-1: SINGLE (Line Drive, 89S, EV 98.8 MPH)
Batting: SHB Matt Rose 0-0: Ball
1-0: Foul Ball, location: 2F
1-1: Ball
2-1: Called Strike
2-2: Fielders Choice at 2nd, 5-4 (Groundball, 5S, EV 82.5 MPH)
Batting: RHB Jonathan Barber 0-0: Swinging Strike
0-1: Foul Ball, location: 2F
0-2: Strikes out looking
Bottom of the 7th over - 4 runs, 4 hits, 0 errors, 1 left on base; Chicago 2 - Montreal 9
TOP OF THE 8TH
Chicago White Sox batting - Pitching for Montreal Expos : RHP Chad Coon
Pitching: LHP Mike Fenchel
Batting: LHB Robert Hassell III 0-0: Ball
1-0: Ball
2-0: Ball
3-0: Base on Balls
Pinch Hitting: RHB Dusty Platko 0-0: Called Strike
0-1: Swinging Strike
0-2: Strikes out swinging
Batting: RHB Mike Samaniego 0-0: Swinging Strike
0-1: Ball
1-1: Ball
2-1: Foul Ball, location: 25FF
2-2: Foul Ball, location: 5F
2-2: Strikes out swinging
Batting: RHB Jake O'Connell 0-0: Ground out U3 (Groundball, 13, EV 90.6 MPH)
Top of the 8th over - 0 runs, 0 hits, 0 errors, 1 left on base; Chicago 2 - Montreal 9
BOTTOM OF THE 8TH
Montreal Expos batting - Pitching for Chicago White Sox : LHP Jeff Lathan
Now in LF: Jose Emanis
Now in CF: Benny Montgomery
Batting: RHB Jim Mastrangelo 0-0: Ball
1-0: DOUBLE (Line Drive, 78XD, EV 101.9 MPH)
Batting: LHB Nate Petite 0-0: Ground out 6-3 (Groundball, 4MD, EV 104.4 MPH)
Batting: RHB Steve Dowdle 0-0: Fly out, F7 (Flyball, 78M, EV 91.9 MPH)
Batting: RHB Ben Morris 0-0: Ball
1-0: Foul Ball, location: 9LSF
1-1: Ground out 3-1 (Groundball, 34S, EV 82.5 MPH)
Bottom of the 8th over - 0 runs, 1 hit, 0 errors, 1 left on base; Chicago 2 - Montreal 9
TOP OF THE 9TH
Chicago White Sox batting - Pitching for Montreal Expos : LHP Mike Fenchel
Batting: RHB Jose Emanis 0-0: Called Strike
0-1: Called Strike
0-2: Ball
1-2: Foul Ball, location: 3SF
1-2: Foul Ball, location: 2F
1-2: Foul Ball, location: 5FF
1-2: Strikes out swinging
Batting: LHB Sean Hanrahan 0-0: Foul Ball, location: 2F
0-1: Foul Ball, location: 2F
0-2: Foul Ball, location: 2F
0-2: Ball
1-2: Ground out 2-3 (Groundball, 2R, EV 66.9 MPH)
Batting: LHB Andy Barnhill 0-0: Ball
1-0: Ball
2-0: Foul Ball, location: 3FF
2-1: Called Strike
2-2: Foul Ball, location: 5SF
2-2: Foul Ball, location: 5FF
2-2: Foul Ball, location: 3FF
2-2: Ball
3-2: Base on Balls
Batting: RHB Alex Arias 0-0: Called Strike
0-1: Ball
Wild Pitch!
Andy Barnhill to second
1-1: Ball
2-1: Called Strike
2-2: Ground out 3-1 (Groundball, 34, EV 80.6 MPH)
Top of the 9th over - 0 runs, 0 hits, 0 errors, 1 left on base; Chicago 2 - Montreal 9
Sunday, April 14th , 2024 - OOTP Baseball 24.10 Build 82